 Dungeon Crawl Stone Soup version 0.30.1-9-gdf580d7c3d (webtiles) character file.

Game seed: 10073071866900275879

3994 sizableburger the Ruffian (level 10, -5/91 HPs)
             Began as a Troll Conjurer on Oct 22, 2023.
             Was a Believer of Sif Muna.
             Slain by an orc knight
             ... wielding a +0 war axe
              (21 damage)
             ... in a bailey.
             The game lasted 00:28:21 (7841 turns).

sizableburger the Ruffian (Troll Conjurer)          Turns: 7841, Time: 00:28:22

Health: -5/91      AC:  8    Str: 17    XL:     10   Next: 3%
Magic:  13/16      EV:  9    Int: 18    God:    Sif Muna [**....]
Gold:   966        SH:  0    Dex:  8    Spells: 12/19 levels left

rFire   . .          .
                       - Unarmed
rCold   + . .        (no shield)
rNeg    . . .        r - +1 steam dragon scales
rPois   .            (helmet restricted)
rElec   .            t - scarf {shadows}
rCorr   .            (gloves unavailable)
SInv    +            (boots unavailable)
Will    .....        (no amulet)
Stlth   +            o - ring of see invisible
HPRegen 1.15/turn    k - ring of protection from cold
MPRegen 0.15/turn

%: no passive effects
@: brilliant, very slightly contaminated, invisible
A: large, unfitting armour, claws 3, regeneration 1, shaggy fur 1, tough skin 1
a: Renounce Religion, Channel Magic


You were in a bailey.
You worshipped Sif Muna.
Sif Muna was pleased with you.
You visited 1 branch of the dungeon, and saw 8 of its levels.
You also visited: Bailey.

You collected 1230 gold pieces.
You spent 264 gold pieces at shops.

Inventory:

Armour
 r - +1 steam dragon scales (worn)
 t - a scarf of shadows (worn)
Jewellery
 a - a ring of positive energy
 k - a ring of protection from cold (right claw)
 o - a ring of see invisible (left claw)
Wands
 f - a wand of flame (11)
 h - a wand of quicksilver (2)
Scrolls
 c - 6 scrolls of identify
 d - 4 scrolls of vulnerability
 e - a scroll of fog
 l - a scroll of acquirement
 p - a scroll of blinking
 s - 2 scrolls of teleportation
Potions
 b - 2 potions of magic
 g - a potion of cancellation
 i - a potion of lignification {unknown}
 j - 2 potions of invisibility


   Skills:
 - Level 3.1 Fighting
 - Level 1.5 Dodging
 - Level 1.0 Stealth
 + Level 7.1 Unarmed Combat
 - Level 5.0 Spellcasting
 + Level 5.7 Conjurations
 + Level 4.4 Hexes
 + Level 0.0 Invocations


You had 12 spell levels left.
You knew the following spells:

 Your Spells              Type           Power      Damage    Failure   Level
a - Magic Dart            Conj           100%       1d8       1%          1
b - Searing Ray           Conj           74%        2d7       1%          2
c - Fulminant Prism       Conj/Hex       17%        3d10      17%         4

Your spell library contained the following spells:

 Spells                   Type           Power      Damage    Failure   Level
 Slow                     Hex            100%       N/A       2%          1
 Foxfire                  Conj/Fire      88%        2x1d8     4%          1
 Dazzling Flash           Conj/Hex       68%        N/A       4%          3
 Confusing Touch          Hex            30%        N/A       7%          3
 Ensorcelled Hibernation  Hex/Ice        36%        N/A       9%          2
 Hailstorm                Conj/Ice       22%        3d7       12%         3
 Gell's Gravitas          Tloc           6%         N/A       36%         3
 Spider Form              Tmut/Pois      6%         N/A       36%         3
 Vampiric Draining        Necr           6%         2d6       36%         3
 Iskenderun's Mystic Bla  Conj/Tloc      22%        2d6       38%         4
 Anguish                  Hex/Necr       9%         N/A       47%         4
 Fireball                 Conj/Fire      11%        3d7       75%         5
 Ice Form                 Ice/Tmut       6%         N/A       78%         4
 Manifold Assault         Tloc           6%         N/A       78%         4
 Starburst                Conj/Fire      11%        6d5       99%         6
 Dispersal                Tloc           3%         N/A       100%        6
 Plasma Beam              Fire/Air       3%         2x1d14    100%        6
 Simulacrum               Ice/Necr       3%         N/A       100%        6
 Enfeeble                 Hex            15%        N/A       100%        7


Dungeon Overview and Level Annotations

Branches:
Dungeon (8/15)             Temple (0/1) D:6          Bailey (1/1)
   Lair: D:8-11

Altars:
Elyvilon
Hepliaklqana
Okawaru
Qazlal
Ru
Sif Muna
Trog
Wu Jian

Shops:
D:1 (   D:8 *


Innate Abilities, Weirdness & Mutations

You are too large for most types of armour.
You have claws for hands.
Your natural rate of healing is unusually fast.
You are covered in fur. (AC +1)
You have tough skin. (AC +1)


Message History

Unknown command.
The searing ray hits the orc knight but does no damage.
The orc knight is moderately wounded.
You hear a shout!
The orc knight closely misses you.
You hear a shout!
Unknown command.
Okay, then.
Magic courses through your body. The orc knight barely misses you.
Things that are here:
a +0 hand axe; a +0 leather armour
Casting: Searing Ray (safe; 1% risk of failure)
Confirm with . or Enter, or press ? or * to list all spells.
Aiming: Fulminant Prism (dangerous; 17% risk of failure)
Press: ? - help, Dir - move target, p - orc knight You feel a surge of power!
You miscast Fulminant Prism.
You are very lightly contaminated with residual magic.
Energy rips through your body!
The orc knight hits you with a +0 war axe!
Unknown command.
Casting: Fulminant Prism (dangerous; 17% risk of failure)
Confirm with . or Enter, or press ? or * to list all spells.
Aiming: Fulminant Prism (dangerous; 17% risk of failure)
Press: ? - help, Dir - move target You feel a surge of power!
You conjure a prism of explosive energy!
A fulminant prism comes into view.
The orc knight hits you with a +0 war axe!
* * * LOW HITPOINT WARNING * * *
You feel better.
Your fulminant prism crackles loudly.
The orc knight hits you with a +0 war axe!
* * * LOW HITPOINT WARNING * * *
Unknown command.
You fade into invisibility!
Your fulminant prism explodes!
The blast of energy engulfs the orc knight!!
The orc knight is severely wounded.
The orc knight hits you with a +0 war axe!!
You die...

≈≈≈≈≈≈≈≈≈.))≈≈≈≈≈≈≈≈≈
≈≈≈≈≈≈≈≈≈.).≈≈≈≈≈≈≈≈≈
≈≈≈≈≈≈≈≈≈...≈≈≈≈≈≈≈≈≈
#####~~~~...~~~~#####
#...).......#
#####'''#####
#..'.....'..#
#..'.....'..#
####.@#..⌠..#..#
#...o.#.....#....
#.8...#.....# ..8.
#.)...####### ....
#.8#### #8. #..# #.8#
#).# ##)#


You could see an orc knight (unable to see you).

Vanquished Creatures
  An ugly thing (D:8)
  Prince Ribbit (D:8)
  3 steam dragons
  A water moccasin (D:6)
  2 ice beasts
  An orc warrior (Bailey)
  A centaur (D:7)
  An ogre (D:6)
  2 phantoms
  A kobold brigand (D:7)
  A gnoll sergeant (D:7)
  2 bullfrogs (D:7)
  6 scorpions
  3 wights
  3 howler monkeys
  An electric eel (Bailey)
  A jelly (D:7)
  5 orc priests
  A gnoll bouda (D:7)
  3 hounds
  8 iguanas
  9 orc wizards
  Natasha (thrice) (D:2)
  Robin (D:3)
  8 gnolls
  9 adders
  2 white imps
  An ufetubus (D:7)
  4 worms
  5 dart slugs
  31 orcs
  11 ball pythons
  9 bats
  5 endoplasms
  4 giant cockroaches
  17 goblins
  18 hobgoblins
  3 jackals (D:1)
  7 kobolds
  4 quokkas
  5 frilled lizards
  6 rats
210 creatures vanquished.

Vanquished Creatures (collateral kills)
  A komodo dragon (D:7)
1 creature vanquished.

Vanquished Creatures (others)
  A wight (D:8)
  An orc wizard (D:4)
  A butterfly (D:8)
  3 fulminant prisms
6 creatures vanquished.

Grand Total: 217 creatures vanquished

Notes
Turn   | Place    | Note
-------+----------+-------------------------------------------
     0 | D:1      | sizableburger the Troll Conjurer began the quest for the
                  | Orb.
     0 | D:1      | Reached XP level 1. HP: 16/16 MP: 1/1
   282 | D:1      | Reached XP level 2. HP: 24/24 MP: 0/3
   321 | D:1      | Learned a level 2 spell: Searing Ray
   632 | D:1      | Found Vontuve's Weapon Shoppe.
   742 | D:1      | Reached skill level 1 in Unarmed Combat
   742 | D:1      | Reached XP level 3. HP: 28/31 MP: 4/4
  1307 | D:2      | Found a faded altar of an unknown god.
  1479 | D:2      | Reached XP level 4. HP: 34/39 MP: 5/5
  1552 | D:2      | Got the Codex of Relocated Hexes
  1875 | D:3      | Reached skill level 2 in Unarmed Combat
  2229 | D:3      | Noticed a scorpion
  2233 | D:3      | Killed a scorpion
  2234 | D:3      | Reached XP level 5. HP: 42/45 MP: 1/7
  2350 | D:2      | Noticed Natasha
  2354 | D:2      | Killed Natasha
  2488 | D:2      | Noticed Natasha
  2492 | D:2      | Killed Natasha
  2493 | D:2      | Noticed Natasha
  2513 | D:2      | Killed Natasha
  2514 | D:2      | Reached skill level 3 in Unarmed Combat
  2620 | D:3      | Noticed Robin
  2645 | D:2      | Reached XP level 6. HP: 49/53 MP: 8/8
  2889 | D:3      | Killed Robin
  3252 | D:4      | Identified a scroll of acquirement
  3346 | D:4      | Found a hazy altar of Hepliaklqana.
  3835 | D:4      | Reached XP level 7. HP: 59/59 MP: 2/10
  4018 | D:4      | Found an iron altar of Okawaru.
  4018 | D:4      | Found a bloodstained altar of Trog.
  4323 | D:5      | Entered Level 5 of the Dungeon
  4350 | D:5      | Reached skill level 4 in Unarmed Combat
  4533 | D:5      | Found an ornate altar of the Wu Jian Council.
  4749 | D:5      | Found a sacrificial altar of Ru.
  4999 | D:5      | Reached skill level 1 in Fighting
  5044 | D:5      | Found a shimmering blue altar of Sif Muna.
  5288 | D:5      | Became a worshipper of Sif Muna the Loreminder
  5413 | D:6      | Reached skill level 5 in Conjurations
  5501 | D:6      | Learned a level 4 spell: Fulminant Prism
  5576 | D:6      | Reached XP level 8. HP: 65/72 MP: 3/12
  5651 | D:6      | Reached skill level 1 in Hexes
  6225 | D:6      | Acquired 821 gold pieces
  6240 | D:6      | Found a staircase to the Ecumenical Temple.
  6296 | D:6      | Reached * piety under Sif Muna
  6540 | D:7      | Reached skill level 5 in Unarmed Combat
  6736 | D:7      | Reached XP level 9. HP: 66/81 MP: 14/14
  6753 | D:7      | Noticed a two-headed ogre
  6756 | D:7      | Noticed a komodo dragon
  6766 | D:7      | Killed a komodo dragon
  6964 | D:7      | Found a stormy altar of Qazlal.
  7164 | D:7      | Reached skill level 6 in Unarmed Combat
  7216 | D:7      | Reached skill level 5 in Spellcasting
  7245 | D:7      | Reached ** piety under Sif Muna
  7327 | D:7      | Noticed a cyclops
  7369 | D:8      | Found Jime's Assorted Antiques.
  7373 | D:8      | Bought a runed scarf for 264 gold pieces
  7406 | D:8      | Noticed a cyan ugly thing
  7421 | D:8      | Killed a cyan ugly thing
  7440 | D:8      | Found a white marble altar of Elyvilon.
  7540 | D:8      | Found a flagged portal.
  7551 | D:8      | Noticed Prince Ribbit
  7566 | D:8      | Killed Prince Ribbit
  7567 | D:8      | Reached skill level 7 in Unarmed Combat
  7576 | Bailey   | Entered a bailey
  7598 | Bailey   | Reached XP level 10. HP: 79/91 MP: 10/16
  7815 | Bailey   | Noticed an orc knight
  7841 | Bailey   | Slain by an orc knight

Illustrated notes

Levels and vault maps discovered:
D:1:      sevenhm_arrival_forest_fort_large_2, layout_basic, serial_shops, shop
D:2:      layout_rooms, shapermc_ecumenical_altar_mp_ritualfount,
          minmay_divided_ellipse, uniq_natasha
D:3:      layout_loops_ring, hangedman_abyss_or_decor_lesser_grid, uniq_robin
D:4:      layout_loops_corners, mainiacjoe_overflow_catwalk,
          grunt_temple_overflow_bloody_war
D:5:      layout_loops_ring, kennysheep_little_box, nicolae_ru_awakened_eye,
          marbit_many_paths, hex_tiny
D:6:      layout_rooms, temple_pool_b
D:7:      minmay_the_grid_four_pointed_star
          [minmay_the_grid_triangle_9x9_thin_v,
          minmay_the_grid_triangle_9x9_limited_checkers,
          minmay_the_grid_triangle_9x9_tough_junction,
          minmay_the_grid_triangle_9x9_sprig,
          minmay_the_grid_prize_four_corners_diamond_b], layout_basic,
          nicolae_qazlal_scattered_showers
D:8:      layout_gridville, nicolae_elyvilon_peaceful_grove, lair_entry_dummy,
          serial_shops, nicolae_shop_overgrown_old_shop, enter_bailey_2,
          minmay_manual_monstrance, uniq_prince_ribbit1, uniq_maurice
Bailey:   bailey_axe_of_yendor_kennysheep, bailey

Skill      XL: |  1  2  3  4  5  6  7  8  9 |
---------------+----------------------------+-----
Conjurations   | 3 4 5 |  5.7
Unarmed Combat | 1 2 3 4 5 7 |  7.1
Spellcasting   | 2 3 4 5 |  5.0
Fighting       | 2 3 |  3.1
Hexes          | 2 4 |  4.4
Dodging        | |  1.5
Stealth        | |  1.0

Action                     |  1- 3 |  4- 6 |  7- 9 | 10-12 || total
---------------------------+-------+-------+-------+-------++-------
  Melee: Unarmed           |    89 |   187 |   206 |    23 ||   505
         Punch             |       |     5 |     7 |     1 ||    13
   Cast: Magic Dart        |    31 |     4 |     4 |       ||    39
         Searing Ray       |       |    13 |    36 |     6 ||    55
         Fulminant Prism   |       |       |     1 |     2 ||     3
  Evoke: Wand              |       |       |    12 |     1 ||    13
    Use: Scroll            |       |     9 |     8 |       ||    17
         Potion            |       |       |     1 |     4 ||     5
   Stab: Sleeping          |       |     2 |     1 |       ||     3
 Armour: Robe              |    44 |    69 |    28 |       ||   141
         Steam dragon scal |       |       |    73 |     8 ||    81
  Dodge: Dodged            |    46 |    86 |    95 |    21 ||   248
